 Dungeon Crawl Stone Soup version 0.31-a0-1626-g5cb510d322 (webtiles) character file.

Game seed: 16455832645659736133

843 oldmanjim the Ruffian (level 7, -1/70 HPs)
             Began as a Troll Berserker on Jan 12, 2024.
             Was an Elder of Trog.
             Slain by a killer bee (2 damage)
             ... in the Ecumenical Temple.
             The game lasted 00:13:16 (3571 turns).

oldmanjim the Ruffian (Troll Berserker)             Turns: 3571, Time: 00:13:16

Health: -1/70      AC:  4    Str: 28    XL:     7   Next: 68%
Magic:  6/6        EV: 10    Int:  3    God:    Trog [****..]
Gold:   248        SH:  0    Dex:  9    Spells: 6/6 levels left

rFire   + .          .
                       - Unarmed
rCold   + . .        (no shield)
rNeg    + . .        a - +0 animal skin
rPois   .            (helmet restricted)
rElec   .            j - scarf of the Centipede {rC+ rF+, +Blink Fly rN+}
rCorr   .            (gloves unavailable)
SInv    .            (boots unavailable)
Will    .....        (no amulet)
Stlth   +            (no ring)
HPRegen 1.11/turn    (no ring)
MPRegen 0.10/turn

%: no passive effects
@: lethally poisoned (-1 -> -2), flying, hasted, very quick
A: large, unfitting armour, claws 3, regeneration 1, shaggy fur 1, tough skin 1
a: Renounce Religion, Evoke Blink, Berserk, Trog's Hand, Brothers in Arms


You were in the Ecumenical Temple.
You worshipped Trog.
Trog was greatly pleased with you.
You visited 2 branches of the dungeon, and saw 6 of its levels.

You collected 248 gold pieces.

Inventory:

Hand Weapons
 p - a +5 hand axe of electrocution
Missiles
 c - 26 stones (quivered)
 t - 8 poisoned darts
Armour
 a - a +0 animal skin (worn)
 j - the scarf of the Centipede (worn) {rC+ rF+, +Blink Fly rN+}
   (You found it on level 2 of the Dungeon)

   rN+:       It protects you from negative energy.
   Fly:       It grants you flight.
   +Blink:    It lets you blink.
Jewellery
 n - a ring of ice
 w - a +4 ring of protection
Wands
 v - a wand of light (2)
 z - a wand of paralysis (4)
Scrolls
 d - a scroll of fog {unknown}
 e - a scroll of silence {unknown}
 h - 2 scrolls of amnesia {unknown}
 i - 3 scrolls of teleportation {unknown}
 k - a scroll of fear {unknown}
 m - 2 scrolls of butterflies {unknown}
 q - a scroll of noise {unknown}
 u - 2 scrolls of immolation {unknown}
 x - a scroll of enchant weapon {unknown}
 y - 3 scrolls of identify {unknown}
Potions
 b - 2 potions of cancellation {unknown}
 f - a potion of might {unknown}
 g - a potion of mutation {unknown}
 l - 3 potions of curing {unknown}
 o - 4 potions of haste
 r - 2 potions of brilliance {unknown}
 s - a potion of enlightenment {unknown}


   Skills:
 - Level 4.0 Fighting
 - Level 3.0 Dodging
 + Level 6.8 Unarmed Combat
 - Level 3.0 Evocations


You had 6 spell levels left.
You didn't know any spells.
Your spell library was empty.

Dungeon Overview and Level Annotations

Branches:
Dungeon (5/15)             Temple (1/1) D:5

Altars:
Ashenzari
Cheibriados
Dithmenos
Elyvilon
Fedhas
Gozag
Hepliaklqana
Kikubaaqudgha
Nemelex Xobeh
Okawaru
Qazlal
Sif Muna
Trog
Uskayaw
Wu Jian
Xom
Yredelemnul
Zin

Annotations:
D:3 3 runed translucent doors, exclusion: 3 doors, DeathSocks's ghost, amateur HOFi; avangion's ghost, amateur DECj


Innate Abilities, Weirdness & Mutations

You are too large for most types of armour.
You have claws for hands.
Your natural rate of healing is unusually fast.
You are covered in fur. (AC +1)
You have tough skin. (AC +1)


Message History

You feel very sick. The killer bee closely misses you.
You feel very sick.
The killer bee stings you but does no damage.
You feel very sick.
The killer bee attacks as it pursues you!
The killer bee stings you but does no damage.
The killer bee barely misses you.
You feel sick. The killer bee misses you. The killer bee stings you.
* * * LOW HITPOINT WARNING * * *
You feel sick.
The killer bee attacks as it pursues you!
The killer bee stings you but does no damage.
The killer bee attacks as it pursues you!
The killer bee closely misses you. x4
You feel sick. The killer bee closely misses you.
You feel sick. The killer bee closely misses you.
You feel sick.
The killer bee attacks as it pursues you!
The killer bee closely misses you. The killer bee stings you.
* * * LOW HITPOINT WARNING * * *
You feel sick. The killer bee barely misses you.
There is a staircase to the Ecumenical Temple here.
You feel sick. The killer bee closely misses you.
The killer bee barely misses you. The killer bee closely misses you.
The killer bee stings you but does no damage.
The killer bee stings you.
* * * LOW HITPOINT WARNING * * *
You are lethally poisoned!
The killer bee poisons you!
You fly downwards.
Welcome to the Ecumenical Temple!
Found a white marble altar of Elyvilon and a blossoming altar of Fedhas.
Found a staircase back to the Dungeon.
* * * LOW HITPOINT WARNING * * *
You feel sick.
There is a staircase back to the Dungeon here.
It was a potion of haste.
You feel yourself speed up.
* * * LOW HITPOINT WARNING * * *
You feel sick. The killer bee barely misses you. The killer bee stings you.
You die...

.......#.................#.......
...#####.................#####...
..##.........................##..
.##...........................##.
.#.............................#.
.#....._................._.....#.
.#.............................#.
.#..._..........y.........._...#.
.#..............@..............#.
.##............y..............##.
..##.........................##..
...##.......................##...
...#.........................#...
...#..._................._...#...
...#.........................#...
...#....._............._.....#...
...#.........................#...


You could see 2 killer bees.

Vanquished Creatures
  Grinder (D:4)
  A sky beast (D:4)
  2 scorpions
  A killer bee (D:5)
  A jelly (D:5)
  A sleepcap (D:5)
  An iguana (D:3)
  An orc wizard (D:3)
  Terence (D:2)
  3 gnolls (D:3)
  13 adders
  4 dart slugs
  10 orcs
  8 endoplasms
  3 giant cockroaches
  10 goblins
  8 hobgoblins
  6 jackals
  8 kobolds
  6 quokkas
  15 ball pythons
  3 bats
  2 frilled lizards (D:3)
  7 rats
116 creatures vanquished.

Notes
Turn   | Place    | Note
-------+----------+-------------------------------------------
     0 | D:1      | oldmanjim the Troll Berserker began the quest for the Orb.
     0 | D:1      | Reached XP level 1. HP: 22/22 MP: 0/0
    80 | D:1      | Reached XP level 2. HP: 29/29 MP: 1/1
   455 | D:1      | Reached XP level 3. HP: 36/36 MP: 2/2
   564 | D:1      | Reached ** piety under Trog
   740 | D:2      | Noticed Terence
   748 | D:2      | Killed Terence
   793 | D:2      | Reached XP level 4. HP: 45/45 MP: 3/3
   869 | D:2      | Identified the scarf of the Centipede {rC+ rF+, +Blink Fly
                  | rN+}
  1025 | D:2      | Found a faded altar of an unknown god.
  1202 | D:2      | Reached skill level 4 in Unarmed Combat
  1532 | D:3      | Reached *** piety under Trog
  1585 | D:3      | Noticed a scorpion
  1593 | D:3      | Killed a scorpion
  1594 | D:3      | Reached skill level 1 in Evocations
  1594 | D:3      | Reached XP level 5. HP: 36/53 MP: 4/4
  1660 | D:3      | Found a shimmering blue altar of Sif Muna.
  1800 | D:3      | Found an opulent altar of Gozag.
  1869 | D:3      | Reached XP level 6. HP: 62/62 MP: 5/5
  2153 | D:3      | Found a runed translucent gate.
  2153 | D:3      | Found a runed translucent gate.
  2153 | D:3      | Found a runed translucent gate.
  2164 | D:3      | Noticed avangion's ghost (amateur DECj)
  2164 | D:3      | Noticed DeathSocks's ghost (amateur HOFi)
  2218 | D:3      | Identified the +8 chain mail of Wung {-Cast rC+ Regen+}
  2620 | D:4      | Noticed a sky beast
  2628 | D:4      | Killed a sky beast
  2629 | D:4      | Reached skill level 5 in Unarmed Combat
  2653 | D:4      | Noticed Grinder
  2668 | D:4      | Killed Grinder
  2669 | D:4      | Reached skill level 6 in Unarmed Combat
  2669 | D:4      | Reached XP level 7. HP: 53/70 MP: 6/6
  2804 | D:4      | You are sucked into a shaft and drop 1 floor!
  2804 | D:5      | Entered Level 5 of the Dungeon
  2813 | D:5      | Found a staircase to the Ecumenical Temple.
  3306 | D:4      | Found a bloodstained altar of Trog.
  3306 | D:4      | Found a shadowy altar of Dithmenos.
  3384 | D:5      | Upgraded the game from 0.31-a0-1620-gcbf77bbcfc to
                  | 0.31-a0-1626-g5cb510d322
  3530 | D:5      | Reached **** piety under Trog
  3569 | D:5      | HP: 3/70 [killer bee (4)]
  3570 | Temple   | Entered the Ecumenical Temple
  3571 | Temple   | HP: 1/70 [poisoned by a killer bee]
  3571 | Temple   | Slain by a killer bee

Illustrated notes

Levels and vault maps discovered:
D:1:      minmay_arrival_four_circles, layout_loops_ring, minmay_small_reverse_x
D:2:      layout_basic, shapermc_ecumenical_altar_starsandcircs,
          minmay_increasing_density, uniq_terence
D:3:      minmay_razor_zed, layout_basic, mainiacjoe_overflow_alcove_1,
          mainiacjoe_overflow_alcove_2, gammafunk_ghost_cemetery,
          grunt_ministairs_11, minmay_between
D:4:      layout_loops_ring, gammafunk_temple_overflow_wave, uniq_grinder
D:5:      layout_gridville, minmay_temple_entry_slanted
Temple:   nicolae_temple_great_sept

Skill      XL: |  1  2  3  4  5  6 |
---------------+-------------------+-----
Fighting       | 3 4 |  4.0
Dodging        | 3 |  3.0
Unarmed Combat | 4 6 |  6.8
Evocations     | 1 3 |  3.0

Action                     |  1- 3 |  4- 6 |  7- 9 || total
---------------------------+-------+-------+-------++-------
  Melee: Unarmed           |    86 |   192 |    25 ||   303
         Punch             |       |     4 |     1 ||     5
    Use: Potion            |       |       |     1 ||     1
 Armour: Animal skin       |    51 |   113 |    37 ||   201
  Dodge: Dodged            |    38 |   105 |    26 ||   169

Table legend: (Time is in decaauts)
 A = Elapsed time spent in this place.
 B = Non-inter-level travel time spent in this place.
 C = Inter-level travel time spent in this place.
 D = Time resting spent in this place.
 E = Time spent auto-exploring this place.
 F = Levels seen in this place.
 G = Mean time per level.
                   A        B        C        D        E       F      G
               +--------+--------+--------+--------+--------+-----+--------+
         Total |   3546 |   3428 |    118 |      0 |   2785 |   6 |  591.0 |
       Dungeon |   3545 |   3427 |    118 |      0 |   2785 |   5 |  709.0 |
        Temple |      0 |      0 |      0 |      0 |      0 |   1 |    0.0 |
               +--------+--------+--------+--------+--------+-----+--------+

Top non-repeatable levels by time:
     D:3: 1015 daAuts
     D:4: 795 daAuts
     D:2: 786 daAuts
     D:1: 697 daAuts
     D:5: 250 daAuts
  Temple: 0 daAuts
